 Dungeon Crawl Stone Soup version 0.17.1-2-g5865329 (webtiles) character file.

4 ololoev the Skirmisher (level 1, -1/18 HPs)
             Began as a Demonspawn Fighter on Feb 16, 2016.
             Slain by an orc (2 damage)
             ... on level 3 of the Dungeon.
             The game lasted 00:00:29 (74 turns).

ololoev the Skirmisher (Demonspawn Fighter)           Turns: 74, Time: 00:00:29

Health: -1/18      AC:  6    Str: 21    XL:     1   Next: 50%
Magic:  1/1        EV:  7    Int:  9    God:
Gold:   0          SH:  9    Dex: 12    Spells: 0 memorised, 0 levels left

rFire  . . .     SeeInvis .     a - +0 war axe
rCold  . . .     Clarity  .     b - +0 scale mail
rNeg   . . .     SustAt   .     c - +0 shield
rPois  .         Gourm    .     (no helmet)
rElec  .         Spirit   .     (no cloak)
rCorr  .         Warding  .     (no gloves)
rMut   .         Stasis   .     (no boots)
MR     .....                    (no amulet)
Stlth  ..........               (no ring)
                                (no ring)

@: mighty, not resistant to hostile enchantments, extremely unstealthy
A: no striking features
a: no special abilities

Inventory:

Hand Weapons
 a - a +0 war axe (weapon)
Armour
 b - a +0 scale mail (worn)
 c - a +0 shield (worn)
Scrolls
 f - a scroll of fog {unknown}
 h - 2 scrolls of identify {unknown}
Potions
 g - a potion of degeneration {unknown}
Comestibles
 e - a bread ration


   Skills:
 - Level 3.0 Fighting
 * Level 2.0 Axes
 + Level 2.8 Armour
 - Level 2.6 Shields


You couldn't memorise any spells.
You didn't know any spells.


You were on level 3 of the Dungeon.
You were not hungry.

You visited 1 branch of the dungeon, and saw 3 of its levels.

...... ....
...... ...#
......##...#
...........
..........
#..o....
#....ga#####
#....o@....#
#....S.<...#
#....##....#
......
#....# .....
.......
.....
.....[...
....
..........
##..
..#.#..###
... _...#

Notes
Turn   | Place    | Note
--------------------------------------------------------------
     0 | D:1      | ololoev the Demonspawn Fighter began the quest for the Orb.
     0 | D:1      | Reached XP level 1. HP: 18/18 MP: 1/1
    68 | D:3      | Found an opulent altar of Gozag.
    68 | D:3      | Noticed a worker ant
    74 | D:3      | Slain by an orc

Dungeon Overview and Level Annotations

Branches:
Dungeon (3/15)

Altars:
Gozag


Message History

A worker ant and a hobgoblin come into view.
The hobgoblin shouts!
The worker ant twitches its antennae in your direction.
Found a robe.
Found an opulent altar of Gozag.
There is a stone staircase leading up here.
An adder and an orc come into view.
The orc shouts!
An orc comes into view. It is wielding a dagger.
The orc shouts!
You slash the worker ant!
The worker ant is heavily wounded.
The worker ant bites you.
An orc comes into view. It is wielding a morningstar.
You closely miss the worker ant.
The worker ant is heavily wounded.
The orc shouts!
You block the worker ant's attack.
The worker ant bites you but does no damage.
You hit the worker ant but do no damage.
The worker ant is heavily wounded.
You barely miss the hobgoblin.
The worker ant bites you but does no damage.
You block the hobgoblin's attack. You block the worker ant's attack.
The adder bites you.
Unknown command.
Drink which item? (? for menu, Esc to quit)
You feel very mighty all of a sudden. The worker ant bites you.
You block the hobgoblin's attack. You block the adder's attack.
Unknown command.
Your shield and scale mail prevent you from hitting the hobgoblin.
You hit the orc.
The orc is moderately wounded.
You hit the adder.
The adder is severely wounded.
You barely miss the worker ant.
The worker ant is heavily wounded.
The worker ant bites you. The adder bites you.
You block the hobgoblin's attack. The orc hits you.
You die...

You could see a worker ant, an adder, 2 orcs and a hobgoblin.

Vanquished Creatures
  A hobgoblin (D:2)
  2 goblins
  A rat (D:2)
4 creatures vanquished.

Action                   || total
-------------------------++-------
Melee: War axe           ||    10
  Use: Potion            ||     1

Vault maps used:
D:1:      sevenhm_arrival_forest_fort_small_3
D:2:      nicolae_overflow_crystal_walls, lemuel_doored_altar,
          serial_bayou_pond_e, uniq_jessica
D:3:      lemuel_crystal_altar, serial_forest, infiniplex_forest_clump_tiny,
          infiniplex_forest_lined_room_2, infiniplex_forest_straight_2,
          infiniplex_forest_straight_1, infiniplex_forest_clump_long,
          infiniplex_forest_straight_4, infiniplex_forest_lined_ring,
          infiniplex_forest_clump_large
